TOP OF THE 1ST |
Chattanooga Lookouts batting - Pitching for Montgomery Biscuits : RHP Jaylin Green
|
Pitching: RHP Jaylin Green
|
|
Batting: SHB Manny Molina
|
0-0: Called Strike 0-1: Ball 1-1: Ball 2-1: Fly out, F9 (Flyball, 89S, EV 91.2 MPH)
|
Batting: SHB Matt Urbani
|
0-0: Called Strike 0-1: Foul Ball, location: 2F 0-2: Ball 1-2: Hit by Pitch
|
Batting: LHB Marshall Daul
|
0-0: Called Strike Matt Urbani steals 2nd base 0-1: Ball 1-1: SINGLE (Line Drive, 9LS, EV 107.5 MPH) Matt Urbani to third Runner from 3rd tries for Home, SAFE, throw by RF to home
|
Batting: RHB Leo Gonzalez
|
0-0: Ball Marshall Daul steals 2nd base 1-0: Ball 2-0: Foul Ball, location: 2F 2-1: Foul Ball, location: 2F 2-2: Ground out 5-3 (Groundball, 5, EV 86.2 MPH)
|
Batting: RHB Michael McDonald
|
0-0: Called Strike 0-1: SINGLE (Line Drive, 4D, EV 95.0 MPH) Marshall Daul to third Runner from 3rd tries for Home, SAFE, throw by CF to home
|
Batting: LHB David Campbell
|
0-0: Ball Michael McDonald is caught stealing 2nd base 2-6
|
Top of the 1st over - 2 runs, 2 hits, 0 errors, 0 left on base; Chattanooga 2 - Montgomery 0 |
BOTTOM OF THE 1ST |
Montgomery Biscuits batting - Pitching for Chattanooga Lookouts : LHP Kazuo Nishihara
|
Pitching: LHP Kazuo Nishihara
|
|
Batting: RHB James Huddleston
|
0-0: Ball 1-0: Called Strike 1-1: Ball 2-1: Called Strike 2-2: Foul Ball, location: 2F 2-2: Strikes out swinging
|
Batting: SHB Joey Pacheco
|
0-0: Ball 1-0: Called Strike 1-1: Ball 2-1: Foul Ball, location: 2F 2-2: Ground out 5-3 (Groundball, 5, EV 86.9 MPH)
|
Batting: RHB Alex Diaz
|
0-0: Ball 1-0: Foul Ball, location: 2F 1-1: Called Strike 1-2: Ball 2-2: Foul Ball, location: 2F 2-2: Ball 3-2: Ground out 6-3 (Groundball, 6, EV 101.2 MPH)
|
Bottom of the 1st over - 0 runs, 0 hits, 0 errors, 0 left on base; Chattanooga 2 - Montgomery 0 |
TOP OF THE 2ND |
Chattanooga Lookouts batting - Pitching for Montgomery Biscuits : RHP Jaylin Green
|
Batting: LHB David Campbell
|
0-0: Called Strike 0-1: Called Strike 0-2: Foul Ball, location: 2F 0-2: Strikes out swinging
|
Batting: RHB Nick Phipps
|
0-0: Foul Ball, location: 2F 0-1: Fly out, F9 (Flyball, 89D, EV 98.8 MPH)
|
Batting: RHB David Nardone
|
0-0: DOUBLE (Line Drive, 9LM, EV 98.8 MPH)
|
Batting: RHB Jose Gracia
|
0-0: Ball 1-0: Foul Ball, location: 2F 1-1: Ball 2-1: Foul Ball, location: 2F 2-2: Ball 3-2: Fly out, F8 (Flyball, 8RXD, EV 93.1 MPH)
|
Top of the 2nd over - 0 runs, 1 hit, 0 errors, 1 left on base; Chattanooga 2 - Montgomery 0 |
BOTTOM OF THE 2ND |
Montgomery Biscuits batting - Pitching for Chattanooga Lookouts : LHP Kazuo Nishihara
|
Batting: LHB Eric Toney
|
0-0: Called Strike 0-1: Called Strike 0-2: SINGLE (Flyball, 8RS, EV 91.2 MPH)
|
Batting: RHB Chris Thorson
|
0-0: Ball 1-0: Grounds into double play, 5-4-3 (Groundball, 56, EV 88.1 MPH)
|
Batting: SHB Julio Hernandez
|
0-0: Called Strike 0-1: Foul Ball, location: 2F 0-2: Ball 1-2: Strikes out looking
|
Bottom of the 2nd over - 0 runs, 1 hit, 0 errors, 0 left on base; Chattanooga 2 - Montgomery 0 |
TOP OF THE 3RD |
Chattanooga Lookouts batting - Pitching for Montgomery Biscuits : RHP Jaylin Green
|
Batting: SHB Manny Molina
|
0-0: Ball 1-0: Called Strike 1-1: Ball 2-1: Swinging Strike 2-2: Ball 3-2: Strikes out swinging
|
Batting: SHB Matt Urbani
|
0-0: Called Strike 0-1: Foul Ball, location: 2F 0-2: Ball 1-2: Ball 2-2: Strikes out swinging
|
Batting: LHB Marshall Daul
|
0-0: Ball 1-0: Foul Ball, location: 2F 1-1: Foul Ball, location: 2F 1-2: Ball 2-2: Foul Ball, location: 2F 2-2: Foul Ball, location: 2F 2-2: Ball 3-2: Foul Ball, location: 2F 3-2: SINGLE (Line Drive, 56D, EV 100.0 MPH)
|
Batting: RHB Leo Gonzalez
|
0-0: Called Strike Marshall Daul steals 2nd base 0-1: Called Strike 0-2: Foul Ball, location: 2F 0-2: Ball 1-2: Strikes out looking
|
Top of the 3rd over - 0 runs, 1 hit, 0 errors, 1 left on base; Chattanooga 2 - Montgomery 0 |
BOTTOM OF THE 3RD |
Montgomery Biscuits batting - Pitching for Chattanooga Lookouts : LHP Kazuo Nishihara
|
Batting: RHB Roberto Aispuro
|
0-0: Swinging Strike 0-1: Ball 1-1: Called Strike 1-2: Foul Ball, location: 2F 1-2: Ball 2-2: Strikes out swinging
|
Batting: LHB Angel Ruvalcaba
|
0-0: Called Strike 0-1: Fly out, F5 (Popup, 56, EV 64.4 MPH)
|
Batting: LHB Danny Hull
|
0-0: Foul Ball, location: 2F 0-1: Fly out, F4 (Line Drive, 4, EV 75.0 MPH)
|
Bottom of the 3rd over - 0 runs, 0 hits, 0 errors, 0 left on base; Chattanooga 2 - Montgomery 0 |
TOP OF THE 4TH |
Chattanooga Lookouts batting - Pitching for Montgomery Biscuits : RHP Jaylin Green
|
Batting: RHB Michael McDonald
|
0-0: Ball 1-0: Ball 2-0: Called Strike 2-1: Swinging Strike 2-2: Ball 3-2: Foul Ball, location: 2F 3-2: Strikes out swinging
|
Batting: LHB David Campbell
|
0-0: Ball 1-0: Ground out 6-3 (Groundball, 6MD, EV 97.5 MPH)
|
Batting: RHB Nick Phipps
|
0-0: Ball 1-0: Ball 2-0: Ground out 5-3 (Groundball, 56S, EV 91.9 MPH)
|
Top of the 4th over - 0 runs, 0 hits, 0 errors, 0 left on base; Chattanooga 2 - Montgomery 0 |
BOTTOM OF THE 4TH |
Montgomery Biscuits batting - Pitching for Chattanooga Lookouts : LHP Kazuo Nishihara
|
Batting: RHB James Huddleston
|
0-0: Ball 1-0: Called Strike 1-1: Ball 2-1: Called Strike 2-2: Ball 3-2: Foul Ball, location: 2F 3-2: SINGLE (Line Drive, 8LS, EV 91.9 MPH)
|
Batting: SHB Joey Pacheco
|
0-0: Called Strike 0-1: Foul Ball, location: 2F 0-2: Ball 1-2: Foul Ball, location: 2F 1-2: Ball 2-2: Foul Ball, location: 2F 2-2: SINGLE (Groundball, 56D, EV 106.2 MPH) James Huddleston to second
|
Batting: RHB Alex Diaz
|
0-0: Swinging Strike 0-1: Ball 1-1: Ball 2-1: Foul Ball, location: 2F 2-2: Strikes out swinging
|
Batting: LHB Eric Toney
|
0-0: Ball James Huddleston steals 3rd base Joey Pacheco to second 1-0: Called Strike 1-1: Foul Ball, location: 2F 1-2: Foul Ball, location: 2F 1-2: Fly out, F8 (Line Drive, 8LM, EV 91.2 MPH)
|
Batting: RHB Chris Thorson
|
0-0: Ball 1-0: Ball 2-0: Called Strike 2-1: Foul Ball, location: 2F 2-2: Strikes out looking
|
Bottom of the 4th over - 0 runs, 2 hits, 0 errors, 2 left on base; Chattanooga 2 - Montgomery 0 |
TOP OF THE 5TH |
Chattanooga Lookouts batting - Pitching for Montgomery Biscuits : RHP Jaylin Green
|
Batting: RHB David Nardone
|
0-0: Fly out, F7 (Flyball, 78M, EV 77.5 MPH)
|
Batting: RHB Jose Gracia
|
0-0: Ball 1-0: Foul Ball, location: 2F 1-1: Swinging Strike 1-2: Ball 2-2: Ball 3-2: Strikes out swinging
|
Batting: SHB Manny Molina
|
0-0: Foul Ball, location: 2F 0-1: Ground out 6-3 (Groundball, 4MS, EV 71.9 MPH)
|
Top of the 5th over - 0 runs, 0 hits, 0 errors, 0 left on base; Chattanooga 2 - Montgomery 0 |
BOTTOM OF THE 5TH |
Montgomery Biscuits batting - Pitching for Chattanooga Lookouts : LHP Kazuo Nishihara
|
Batting: SHB Julio Hernandez
|
0-0: Ball 1-0: Ball 2-0: SINGLE (Line Drive, 6M, EV 107.5 MPH)
|
Batting: RHB Roberto Aispuro
|
0-0: Foul Ball, location: 2F 0-1: Ball 1-1: Ball 2-1: Foul Ball, location: 2F 2-2: Foul Ball, location: 2F 2-2: Ball 3-2: Foul Ball, location: 2F 3-2: Fly out, F9 (Flyball, 9LMF, EV 89.4 MPH)
|
Batting: LHB Angel Ruvalcaba
|
0-0: Called Strike Julio Hernandez steals 2nd base (no throw) 0-1: Fly out, F8 (Flyball, 78M, EV 93.1 MPH)
|
Batting: LHB Danny Hull
|
0-0: Ball 1-0: Ball 2-0: Ground out 1-3 (Groundball, 13, EV 70.0 MPH)
|
Bottom of the 5th over - 0 runs, 1 hit, 0 errors, 1 left on base; Chattanooga 2 - Montgomery 0 |
TOP OF THE 6TH |
Chattanooga Lookouts batting - Pitching for Montgomery Biscuits : RHP Jaylin Green
|
Batting: SHB Matt Urbani
|
0-0: Ball 1-0: Foul Ball, location: 2F 1-1: Foul Ball, location: 2F 1-2: Ball 2-2: Foul Ball, location: 2F 2-2: Fly out, F8 (Flyball, 8RM, EV 75.6 MPH)
|
Batting: LHB Marshall Daul
|
0-0: Ball 1-0: Ball 2-0: Called Strike 2-1: Ball 3-1: Foul Ball, location: 2F 3-2: SOLO HOME RUN (Flyball, 89XD, EV 106.2 MPH), Distance : 397 ft
|
Batting: RHB Leo Gonzalez
|
0-0: Called Strike 0-1: Foul Ball, location: 2F 0-2: Ball 1-2: Ball 2-2: Foul Ball, location: 2F 2-2: Foul Ball, location: 2F 2-2: Ball 3-2: SINGLE (Groundball, 6D, EV 103.8 MPH)
|
Batting: RHB Michael McDonald
|
0-0: Ball 1-0: Ball 2-0: Called Strike 2-1: Ball 3-1: Called Strike 3-2: Base on Balls Leo Gonzalez to second
|
Pitching: RHP Jeremy Price
|
|
Batting: LHB David Campbell
|
0-0: Grounds into double play, 4-6-3 (Groundball, 4, EV 107.5 MPH)
|
Top of the 6th over - 1 run, 2 hits, 0 errors, 1 left on base; Chattanooga 3 - Montgomery 0 |
BOTTOM OF THE 6TH |
Montgomery Biscuits batting - Pitching for Chattanooga Lookouts : LHP Kazuo Nishihara
|
Batting: RHB James Huddleston
|
0-0: Swinging Strike 0-1: Swinging Strike 0-2: Strikes out swinging
|
Batting: SHB Joey Pacheco
|
0-0: Ball 1-0: Called Strike 1-1: Ball 2-1: Ball 3-1: Foul Ball, location: 2F 3-2: Base on Balls
|
Batting: RHB Alex Diaz
|
0-0: Ball 1-0: Called Strike 1-1: Called Strike 1-2: Foul Ball, location: 2F 1-2: Ball 2-2: Ball 3-2: Foul Ball, location: 2F 3-2: Base on Balls Joey Pacheco to second
|
Batting: LHB Eric Toney
|
0-0: Foul Ball, location: 2F 0-1: Ball 1-1: Fly out, F7 (Line Drive, 78S, EV 100.6 MPH)
|
Batting: RHB Chris Thorson
|
0-0: Ball 1-0: Ball 2-0: Called Strike 2-1: SINGLE (Groundball, 56S, EV 63.8 MPH) (infield hit) Joey Pacheco to third Alex Diaz to second
|
Batting: SHB Julio Hernandez
|
0-0: Ground out 4-3 (Groundball, 4S, EV 66.9 MPH)
|
Bottom of the 6th over - 0 runs, 1 hit, 0 errors, 3 left on base; Chattanooga 3 - Montgomery 0 |
TOP OF THE 7TH |
Chattanooga Lookouts batting - Pitching for Montgomery Biscuits : RHP Jeremy Price
|
Batting: RHB Nick Phipps
|
0-0: Foul Ball, location: 2F 0-1: Foul Ball, location: 2F 0-2: Strikes out swinging
|
Batting: RHB David Nardone
|
0-0: Ball 1-0: Called Strike 1-1: Ball 2-1: Foul Ball, location: 2F 2-2: SINGLE (Groundball, 6MS, EV 71.2 MPH) (infield hit)
|
Batting: RHB Jose Gracia
|
0-0: Grounds into double play, 6-4-3 (Groundball, 6, EV 81.2 MPH)
|
Top of the 7th over - 0 runs, 1 hit, 0 errors, 0 left on base; Chattanooga 3 - Montgomery 0 |
BOTTOM OF THE 7TH |
Montgomery Biscuits batting - Pitching for Chattanooga Lookouts : LHP Kazuo Nishihara
|
Batting: RHB Roberto Aispuro
|
0-0: Ball 1-0: Ball 2-0: Ball 3-0: Called Strike 3-1: SINGLE (Groundball, 3D, EV 96.2 MPH)
|
Batting: LHB Angel Ruvalcaba
|
0-0: Called Strike 0-1: Ball 1-1: Called Strike 1-2: Ball 2-2: SINGLE (Line Drive, 4D, EV 108.8 MPH) Roberto Aispuro to second
|
Pinch Hitting: RHB Nelle Lommen
|
0-0: Sac Bunt to 15S - play at first, batter safe! Roberto Aispuro to third Angel Ruvalcaba to second
|
Batting: RHB James Huddleston
|
0-0: Foul Ball, location: 2F 0-1: Swinging Strike 0-2: Fly out, F7 (Flyball, 78M, EV 90.6 MPH) Runner from 3rd tags up, SCORES, throw by LF
|
Pitching: RHP John Morrison
|
|
Batting: SHB Joey Pacheco
|
0-0: Called Strike 0-1: Fly out, F8 (Line Drive, 8RS, EV 108.1 MPH)
|
Batting: RHB Alex Diaz
|
0-0: Swinging Strike 0-1: Foul Ball, location: 2F 0-2: Ball 1-2: Ball 2-2: Foul Ball, location: 2F 2-2: Ball 3-2: 3-RUN HOME RUN (Flyball, 78XD, EV 102.5 MPH), Distance : 415 ft
|
Batting: LHB Eric Toney
|
0-0: Called Strike 0-1: Called Strike 0-2: Ball 1-2: Ball 2-2: Fly out, F8 (Flyball, 8LXD, EV 107.5 MPH)
|
Bottom of the 7th over - 4 runs, 4 hits, 0 errors, 0 left on base; Chattanooga 3 - Montgomery 4 |
TOP OF THE 8TH |
Chattanooga Lookouts batting - Pitching for Montgomery Biscuits : RHP Jeremy Price
|
Now at 2B: Nelle Lommen
|
|
Now at 3B: James Huddleston
|
|
Now at SS: Joey Pacheco
|
|
Batting: SHB Manny Molina
|
0-0: SINGLE (Line Drive, 56D, EV 95.0 MPH)
|
Batting: SHB Matt Urbani
|
0-0: Foul Ball, location: 2F 0-1: Ball 1-1: Called Strike Manny Molina steals 2nd base (no throw) 1-2: Ball 2-2: Ball 3-2: Base on Balls
|
Pitching: LHP Chris Polite
|
|
Batting: LHB Marshall Daul
|
0-0: Ball 1-0: Foul Ball, location: 2F 1-1: Ball 2-1: Foul Ball, location: 2F 2-2: Ball 3-2: SINGLE (Line Drive, 8LS, EV 100.0 MPH) Manny Molina to third Matt Urbani to second Runner from 3rd tries for Home, throw by CF and OUT! 8-2
|
Batting: RHB Leo Gonzalez
|
0-0: Ball 1-0: Fly out, F7 (Flyball, 7, EV 86.9 MPH)
|
Batting: RHB Michael McDonald
|
0-0: Called Strike 0-1: Ball 1-1: DOUBLE (Line Drive, 3D, EV 108.8 MPH) Matt Urbani scores Marshall Daul to third Runner from 3rd tries for Home, SAFE, no throw by RF
|
Batting: LHB David Campbell
|
0-0: Foul Ball, location: 2F 0-1: Ball 1-1: Ball 2-1: Ball 3-1: Base on Balls
|
Batting: RHB Nick Phipps
|
0-0: Ball 1-0: Ball 2-0: Called Strike 2-1: Ground out 5-3 (Groundball, 56S, EV 91.2 MPH)
|
Top of the 8th over - 2 runs, 3 hits, 0 errors, 2 left on base; Chattanooga 5 - Montgomery 4 |
BOTTOM OF THE 8TH |
Montgomery Biscuits batting - Pitching for Chattanooga Lookouts : RHP John Morrison
|
Pitching: RHP Matt Lundy
|
|
Batting: RHB Chris Thorson
|
0-0: Fly out, F8 (Line Drive, 8LD, EV 100.6 MPH)
|
Batting: SHB Julio Hernandez
|
0-0: Ball 1-0: Foul Ball, location: 2F 1-1: Ground out 1-3 (Groundball, 34S, EV 68.1 MPH)
|
Batting: RHB Roberto Aispuro
|
0-0: Ball 1-0: Ground out 6-3 (Groundball, 6, EV 105.6 MPH)
|
Bottom of the 8th over - 0 runs, 0 hits, 0 errors, 0 left on base; Chattanooga 5 - Montgomery 4 |
TOP OF THE 9TH |
Chattanooga Lookouts batting - Pitching for Montgomery Biscuits : LHP Chris Polite
|
Pitching: RHP David Breaux
|
|
Batting: RHB David Nardone
|
0-0: Ball 1-0: Swinging Strike 1-1: Foul Ball, location: 2F 1-2: Strikes out looking
|
Batting: RHB Jose Gracia
|
0-0: Ground out 5-3 (Groundball, 5L, EV 89.4 MPH)
|
Batting: SHB Manny Molina
|
0-0: Ball 1-0: Ball 2-0: Called Strike 2-1: Fly out, F7 (Flyball, 78D, EV 103.8 MPH)
|
Top of the 9th over - 0 runs, 0 hits, 0 errors, 0 left on base; Chattanooga 5 - Montgomery 4 |
BOTTOM OF THE 9TH |
Montgomery Biscuits batting - Pitching for Chattanooga Lookouts : RHP Matt Lundy
|
Pitching: RHP Tom Aagaard
|
|
Now in CF: Israel Montoya
|
|
Now in RF: David Nardone
|
|
Batting: LHB Angel Ruvalcaba
|
0-0: Ball 1-0: Called Strike 1-1: Ball 2-1: Ground out 6-3 (Groundball, 6, EV 100.0 MPH)
|
Batting: RHB Nelle Lommen
|
0-0: Foul Ball, location: 2F 0-1: Ball 1-1: Ball 2-1: Called Strike 2-2: Foul Ball, location: 2F 2-2: Strikes out swinging
|
Batting: RHB James Huddleston
|
0-0: Ball 1-0: Called Strike 1-1: Ball 2-1: SINGLE (Line Drive, 7S, EV 95.0 MPH)
|
Batting: SHB Joey Pacheco
|
0-0: Called Strike 0-1: Foul Ball, location: 2F 0-2: Ball 1-2: Ball 2-2: Ball 3-2: Fly out, F7 (Flyball, 7LD, EV 100.6 MPH)
|
Bottom of the 9th over - 0 runs, 1 hit, 0 errors, 1 left on base; Chattanooga 5 - Montgomery 4 |
|